 Dungeon Crawl Stone Soup version 0.29-a0-330-g52719c12eb (webtiles) character file.

Game seed: 13750343380582577442

35500 HoaS the Sharpshooter (level 14, -3/96 HPs)
             Began as a Kobold Hunter on May 21, 2022.
             Was a High Priest of Makhleb.
             Slain by a freezing wraith (10 damage)
             ... in an ice cave.
             The game lasted 00:38:55 (14209 turns).

HoaS the Sharpshooter (Kobold Hunter)              Turns: 14209, Time: 00:38:55

Health: -3/96      AC: 17    Str:  9    XL:     14   Next: 18%
Magic:  14/14      EV: 28    Int: 10    God:    Makhleb [*****.]
Gold:   600        SH:  7    Dex: 23    Spells: 13/13 levels left

rFire   . . .      SeeInvis .   a - +6 hand crossbow (flame)
rCold   + . .      Faith    .   r - +2 buckler {AC+3}
rNeg    . . .      Spirit   .   F - +2 robe {Will+}
rPois   .          Reflect  .   M - +0 helmet
rElec   .          Harm     .   b - +1 cloak
rCorr   .          Rampage  .   C - +0 pair of gloves
Will    ++...                   N - +0 pair of boots
Stlth   ++++......              D - amulet of regeneration
HPRegen 1.06/turn               B - ring of protection from cold
MPRegen 0.14/turn               k - +4 ring of protection

@: mighty, hasted and slowed
A: small, no large weapons, nightstalker 3
a: Renounce Religion, Minor Destruction, Lesser Servant of Makhleb, Major
Destruction, Greater Servant of Makhleb


You were in an ice cave.
You worshipped Makhleb.
Makhleb was extremely pleased with you.
You visited 3 branches of the dungeon, and saw 16 of its levels.
You also visited: Sewer and Ice Cave.

You collected 1635 gold pieces.
You spent 1035 gold pieces at shops.

Inventory:

Hand Weapons
 a - a +6 hand crossbow of flaming (weapon)
Missiles
 x - 4 throwing nets
Armour
 b - a +1 cloak (worn)
 r - a +2 buckler of protection (worn)
 C - a +0 pair of gloves (worn)
 F - a +2 robe of willpower (worn)
 M - a +0 helmet (worn)
 N - a +0 pair of boots (worn)
Jewellery
 k - a +4 ring of protection (right hand)
 u - a ring of see invisible
 y - a ring of positive energy
 B - a ring of protection from cold (left hand)
 D - an amulet of regeneration (around neck)
Wands
 i - a wand of iceblast (3)
 j - a wand of paralysis (8)
 t - a wand of mindburst (11)
 A - a wand of charming (8)
 H - a wand of polymorph (9)
 K - a wand of acid (4)
Scrolls
 c - 5 scrolls of immolation
 g - 8 scrolls of teleportation
 m - 2 scrolls of fear
 s - a scroll of fog
 v - a scroll of silence
 w - 2 scrolls of holy word
 G - a scroll of blinking
 J - a scroll of brand weapon
 O - a scroll of identify
Potions
 d - 2 potions of mutation
 f - 9 potions of flight
 h - 2 potions of ambrosia
 l - a potion of lignification {unknown}
 n - 4 potions of berserk rage
 o - a potion of haste
 p - 13 potions of curing
 q - 2 potions of invisibility
 z - a potion of attraction {unknown}
 E - a potion of resistance {unknown}
Miscellaneous
 I - a piece from Xom's chessboard (15/15)


   Skills:
 + Level 14.8 Fighting
 + Level 16.3 Crossbows
 - Level 5.0 Armour
 + Level 15.7 Dodging
 - Level 5.0 Stealth


You had 13 spell levels left.
You didn't know any spells.
Your spell library contained the following spells:

 Spells                   Type           Power      Damage    Failure   Level
 Apportation              Tloc           0%         N/A       52%         1
 Shock                    Conj/Air       0%         1d3       52%         1
 Conjure Flame            Conj/Fire      0%         6-21      87%         3
 Ignite Poison            Fire/Tmut/Pois 0%         N/A       87%         3
 Swiftness                Air            0%         N/A       87%         3
 Airstrike                Air            0%         N/A       99%         4
 Petrify                  Tmut/Erth      0%         N/A       99%         4
 Sticky Flame             Conj/Fire      0%         2d3       99%         4
 Alistair's Intoxication  Tmut/Pois      0%         N/A       100%        5
 Metabolic Englaciation   Hex/Ice        0%         N/A       100%        5
 Statue Form              Tmut/Erth      0%         N/A       100%        6


Dungeon Overview and Level Annotations

Branches:
Dungeon (10/15)            Temple (1/1) D:6            Lair (5/6) D:10
  Snake (0/4) Lair:2        Sewer (visited)           IceCv (1/1)
  Swamp: Lair:2-4    Shoals: Lair:2-4     Slime: Lair:5-6       Orc: D:9-12

Altars:
Ashenzari
Cheibriados
Dithmenos
Elyvilon
Fedhas
Gozag
Hepliaklqana
Kikubaaqudgha
Makhleb
Nemelex Xobeh
Okawaru
Qazlal
Ru
Sif Muna
Trog
Uskayaw
Vehumet
Wu Jian
Xom
Yredelemnul
Zin
The Shining One

Shops:
D:3 *   D:9 =!?:

Annotations:
D:9 2 runed translucent doors
D:10 1 runed translucent door, jt's ghost, journeyman BaFi
Lair:2 Fannar


Innate Abilities, Weirdness & Mutations

You are small and have problems with some larger weapons.
You are completely attuned to the shadows.


Message History

Shoot: a) +6 hand crossbow (flame)
Press: ? - help, Q - select action, (/) - cycle Shift-Dir - straight line, f/p - ice devil
Aim: an ice devil (almost dead, 78% to hit)
You shoot a bolt. The bolt hits the ice devil.
The bolt burns the ice devil.
The ice devil is almost dead.
The ice devil completely misses you. The ice devil barely misses you.
The freezing wraith closely misses you. The freezing wraith hits you.
* * * LOW HITPOINT WARNING * * *
The freezing wraith drains your vigour!
You feel as though you will be slow longer.
The ice devil barely misses you.
Shoot: a) +6 hand crossbow (flame)
Press: ? - help, Q - select action, (/) - cycle Shift-Dir - straight line, f/p - ice devil
Aim: an ice devil (almost dead, 78% to hit)
You shoot a bolt. The bolt hits the ice devil!
The bolt burns the ice devil.
You kill the ice devil!
Makhleb accepts your kill.
You feel better. You block the ice devil's attack.
The freezing wraith misses you.
The freezing wraith completely misses you.
The ice devil completely misses you.
Shoot: a) +6 hand crossbow (flame)
Press: ? - help, Q - select action, (/) - cycle Shift-Dir - straight line, f - freezing wraith
Aim: a freezing wraith (78% to hit)
You shoot a bolt. The bolt hits the freezing wraith.
The bolt burns the freezing wraith.
The freezing wraith is lightly damaged.
The freezing wraith misses you. You block the freezing wraith's attack.
You block the ice devil's attack. The ice devil misses you.
The ice devil barely misses you.
Shoot: a) +6 hand crossbow (flame)
Press: ? - help, Q - select action, (/) - cycle Shift-Dir - straight line, f/p - freezing wraith
Aim: a freezing wraith (lightly damaged, 78% to hit)
You shoot a bolt.
The bolt barely misses the freezing wraith.
The bolt hits the ice devil but does no damage.
The ice devil completely misses you. The freezing wraith hits you!
* * * LOW HITPOINT WARNING * * *
The freezing wraith freezes you! You resist.
You die...

###### ###### ##.##.### #
#####Z4.4######.......# ##
###.....#4W@4##...#.##Z..#
.# #...#..#####44ZZ#####
Z..# .# ##..#### ###Z##
..W. ##### ###..## ###
...W ##≈≈≈####...##
≈≈≈#.#..†....
≈≈≈≈.........
#≈≈≈##........ .≈≈≈
#........


You could see 6 ice devils, a freezing wraith, a wolf simulacrum, a death yak
simulacrum, an elephant simulacrum and a cane toad simulacrum.

Vanquished Creatures
  2 hydras
  A catoblepas (Lair:2)
  A centaur warrior (D:10)
  5 death yaks (Lair:4)
  Urug (D:10)
  Nergalle (D:10)
  A necromancer (IceCv)
  2 ugly things (IceCv)
  6 black mambas
  Joseph (D:9)
  An ice statue (IceCv)
  9 cane toads
  6 komodo dragons
  3 rime drakes
  7 ice devils
  2 freezing wraiths (IceCv)
  2 entropy weaver simulacra (IceCv)
  2 trolls (D:10)
  3 polar bears
  7 blink frogs
  Grinder (D:6)
  Prince Ribbit (Lair:3)
  4 dream sheep (Lair:5)
  2 wraiths (D:10)
  3 basilisks
  A vampire (D:10)
  2 wyverns
  35 yaks
  3 vampire mosquitoes (D:9)
  Menkaure (D:6)
  A steam dragon (D:8)
  A swamp worm (Lair:2)
  An acid dragon (D:9)
  Edmund (D:6)
  Duvessa (D:7)
  19 water moccasins
  A black bear (D:7)
  4 sky beasts
  3 ice beasts
  2 ogres
  2 centaurs (D:10)
  12 wolves
  3 kobold brigands
  7 bullfrogs
  2 two-headed ogre simulacra (IceCv)
  3 scorpions
  Dowan (D:7)
  5 wights
  5 killer bees (D:9)
  3 electric eels
  3 howler monkeys
  5 elephant simulacra (IceCv)
  4 orc priests
  A gnoll shaman (D:5)
  A hound (D:5)
  A jelly (D:6)
  4 iguanas
  10 orc wizards
  A polar bear simulacrum (IceCv)
  A troll simulacrum (IceCv)
  4 wolf simulacra (IceCv)
  16 gnolls
  12 adders
  A naga simulacrum (IceCv)
  4 river rats
  2 shadow imps
  4 white imps
  4 worms
  3 dart slugs (D:2)
  29 orcs
  11 ball pythons
  9 endoplasms
  5 giant cockroaches
  3 goblins (D:1)
  5 hobgoblins
  5 jackals
  5 quokkas
  12 bats
  7 frilled lizards
  14 kobolds
  12 rats
391 creatures vanquished.

Vanquished Creatures (others)
  Psyche (D:9)
  15 fungi
  58 plants
74 creatures vanquished.

Grand Total: 465 creatures vanquished

Notes
Turn   | Place    | Note
-------+----------+-------------------------------------------
     0 | D:1      | HoaS the Kobold Hunter began the quest for the Orb.
     0 | D:1      | Reached XP level 1. HP: 12/12 MP: 1/1
    47 | D:1      | Reached XP level 2. HP: 17/17 MP: 2/2
    71 | D:1      | Reached skill level 6 in Crossbows
   279 | D:1      | Reached XP level 3. HP: 21/21 MP: 3/3
   334 | D:1      | Found a faded altar of an unknown god.
   818 | D:2      | Reached skill level 7 in Crossbows
   922 | D:2      | Reached XP level 4. HP: 26/26 MP: 4/4
  1221 | D:2      | Reached skill level 8 in Crossbows
  1221 | D:2      | Reached XP level 5. HP: 27/30 MP: 5/5
  1618 | D:3      | Found Sypat's Assorted Antiques.
  1733 | D:3      | Found a glowing drain.
  1757 | Sewer    | Entered a sewer
  1933 | Sewer    | Reached skill level 9 in Crossbows
  1933 | Sewer    | Reached XP level 6. HP: 30/35 MP: 6/6
  2622 | D:3      | Identified a scroll of acquirement
  2622 | D:3      | Acquired a +2 buckler of protection
  2694 | D:3      | Found a bloodstained altar of Trog.
  2809 | D:3      | Found a glowing silver altar of Zin.
  2809 | D:3      | Noticed an angel
  3123 | D:4      | Reached skill level 10 in Crossbows
  3123 | D:4      | Reached XP level 7. HP: 40/40 MP: 7/7
  3242 | D:4      | Found an ornate altar of the Wu Jian Council.
  3743 | D:5      | Entered Level 5 of the Dungeon
  3865 | D:5      | Reached XP level 8. HP: 3/48 MP: 8/8
  4535 | D:5      | Reached skill level 5 in Fighting
  4783 | D:6      | Found a staircase to the Ecumenical Temple.
  4821 | Temple   | Entered the Ecumenical Temple
  5135 | Temple   | Became a worshipper of Makhleb the Destroyer
  5257 | D:6      | Reached skill level 5 in Dodging
  5355 | D:6      | Noticed Edmund
  5367 | D:6      | Killed Edmund
  5431 | D:6      | Noticed Grinder
  5441 | D:6      | Noticed Menkaure
  5442 | D:6      | Killed Grinder
  5443 | D:6      | Reached XP level 9. HP: 53/59 MP: 9/9
  5712 | D:6      | Found an iron altar of Okawaru.
  5857 | D:6      | Killed Menkaure
  6101 | D:7      | Found a shadowy altar of Dithmenos.
  6127 | D:7      | Noticed Duvessa
  6127 | D:7      | Noticed Dowan
  6132 | D:7      | Killed Duvessa
  6141 | D:7      | Killed Dowan
  6529 | D:7      | Reached * piety under Makhleb
  6797 | D:8      | Reached skill level 10 in Fighting
  6805 | D:8      | Reached XP level 10. HP: 68/68 MP: 10/10
  7463 | D:8      | Reached skill level 10 in Dodging
  7597 | D:9      | Noticed Psyche
  7606 | D:9      | Killed Psyche
  7607 | D:9      | Reached skill level 1 in Armour
  7756 | D:9      | Reached ** piety under Makhleb
  7928 | D:9      | Noticed Joseph
  7939 | D:9      | Acquired 711 gold pieces
  7972 | D:9      | Found Oschoff's Magic Scroll Shop.
  7972 | D:9      | Found Daphyifo's Jewellery Shop.
  7974 | D:9      | Found Esuiwy's Distillery.
  7975 | D:9      | Found Daural's Book Shop.
  7990 | D:9      | Bought a +4 ring of protection for 468 gold pieces
  7994 | D:9      | Bought a potion of heal wounds for 75 gold pieces
  7994 | D:9      | Bought a potion of heal wounds for 75 gold pieces
  7994 | D:9      | Bought a potion of haste for 150 gold pieces
  8001 | D:9      | Bought a scroll of enchant weapon for 105 gold pieces
  8001 | D:9      | Bought a scroll of teleportation for 42 gold pieces
  8005 | D:9      | Bought a potion of invisibility for 120 gold pieces
  8064 | D:9      | Killed Joseph
  8219 | D:9      | Found a runed translucent door.
  8219 | D:9      | Noticed a red ugly thing
  8219 | D:9      | Noticed a manticore
  8219 | D:9      | Noticed a skeletal warrior
  8220 | D:9      | Noticed a centaur warrior
  8220 | D:9      | Noticed an eight-headed hydra
  8220 | D:9      | Noticed a purple ugly thing
  8221 | D:9      | Found a runed translucent door.
  8645 | D:10     | Entered Level 10 of the Dungeon
  8665 | D:9      | Reached skill level 11 in Crossbows
  8701 | D:10     | Found a runed translucent door.
  8705 | D:10     | Noticed jt's ghost (journeyman BaFi)
  8764 | D:10     | Reached skill level 5 in Stealth
  8764 | D:10     | Reached XP level 11. HP: 73/73 MP: 11/11
  8797 | D:10     | Noticed a centaur warrior
  8959 | D:10     | Noticed Urug
  8983 | D:10     | Killed Urug
  8983 | D:10     | Noticed a wizard
  8998 | D:10     | Reached skill level 12 in Crossbows
  9019 | D:10     | Reached *** piety under Makhleb
  9028 | D:10     | Found a white marble altar of Elyvilon.
  9036 | D:10     | Noticed Nergalle
  9041 | D:10     | Killed a centaur warrior
  9076 | D:10     | Killed Nergalle
  9143 | D:10     | Reached skill level 5 in Armour
  9192 | D:10     | Found a staircase to the Lair.
  9470 | Lair:1   | Entered Level 1 of the Lair of Beasts
  9621 | Lair:1   | Reached XP level 12. HP: 81/81 MP: 12/12
 10093 | Lair:1   | Reached skill level 13 in Crossbows
 10314 | Lair:2   | Noticed Fannar
 10420 | Lair:2   | Noticed a catoblepas
 10452 | Lair:2   | Killed a catoblepas
 10562 | Lair:2   | Noticed a four-headed hydra
 10570 | Lair:2   | Killed a four-headed hydra
 10570 | Lair:2   | Reached **** piety under Makhleb
 10751 | Lair:2   | Found a staircase to the Snake Pit.
 10855 | Lair:2   | Reached skill level 14 in Crossbows
 11033 | Lair:2   | You fall into a shaft and drop 2 floors!
 11189 | Lair:4   | Reached XP level 13. HP: 88/88 MP: 13/13
 11494 | Lair:3   | Noticed a six-headed hydra
 11506 | Lair:3   | Killed a six-headed hydra
 12133 | Lair:3   | Noticed Prince Ribbit
 12138 | Lair:3   | Killed Prince Ribbit
 12492 | Lair:3   | Reached skill level 15 in Crossbows
 12646 | Lair:4   | Identified the +11 great mace of the Keeping Gods {freeze,
                  | rF+ rCorr Str+3}
 13011 | Lair:4   | Identified the +4 mace of the Changing Gods {freeze, rC+
                  | Int+2}
 13405 | Lair:5   | Reached ***** piety under Makhleb
 13520 | Lair:4   | Reached skill level 15 in Dodging
 13894 | Lair:5   | Found a frozen archway.
 13900 | IceCv    | Entered an ice cave
 13941 | IceCv    | Reached skill level 16 in Crossbows
 13979 | IceCv    | Reached XP level 14. HP: 85/96 MP: 14/14
 14209 | IceCv    | Slain by a freezing wraith

Illustrated notes

Levels and vault maps discovered:
D:1:      dpeg_arrival_rooms_a, layout_rooms, hellmonk_ecumenical_altar_run_dry,
          hangedman_decor_opposing, chequers_serial_rivers_large_a,
          minmay_stone_trees_medium, minmay_crystal_room
D:2:      layout_loops_cross
D:3:      layout_rooms, zin_angel, mainiacjoe_overflow_alcove_4,
          portal_sewer_entry_c, serial_shops, nicolae_shop_overgrown_old_shop,
          minmay_tree_intersection
D:4:      layout_rooms, mainiacjoe_overflow_brackets,
          dreamdust_princess_corridor, minmay_misc_feat_tower
D:5:      layout_rooms, wad_floor_pattern_2
D:6:      layout_cave_pools, lemuel_doored_altar, temple_pool_b,
          hangedman_abyss_or_decor_slice, uniq_menkaure, uniq_edmund,
          uniq_grinder
D:7:      layout_basic, grunt_dithmenos_smoke_and_mirrors,
          chequers_serial_rivers_micro_e, uniq_duvessa
D:8:      layout_cave_pools
D:9:      minmay_the_grid_triangle_9x9_rhombus_full
          [minmay_the_grid_triangle_9x9_odd_lines,
          minmay_the_grid_triangle_9x9_steps,
          minmay_the_grid_triangle_9x9_pentomino_pain,
          minmay_the_grid_triangle_9x9_fully_insulated_deathbox,
          minmay_the_grid_triangle_9x9_subtriangle,
          minmay_the_grid_triangle_9x9_shrine,
          minmay_the_grid_triangle_9x9_negative_grid,
          minmay_the_grid_triangle_9x9_prize_center], layout_basic,
          minmay_shop_grid_forest, lemuel_flame_loot_1, uniq_joseph, uniq_psyche
D:10:     layout_rooms, david_lair_shrubbed, hellmonk_ghost_happy_afterlife,
          minmay_ruined_shrine, uniq_nergalle, uniq_urug
Temple:   minmay_crystal_spiral_temple
Lair:1:   layout_misc_corridors
Lair:2:   layout_regular_city, palyth_hydra_swamp_entry,
          minmay_snake_entry_six_corridors, uniq_fannar
Lair:3:   layout_loops_ring, fungi_pond_lemuel, uniq_prince_ribbit2
Lair:4:   layout_small_grid, serial_bayou_shore_a
Lair:5:   layout_big_grid, portal_ice_cave_demonic_guard, minivault_11,
          lemuel_fruit_fields
IceCv:    ice_cave_small_necro

Skill      XL: |  1  2  3  4  5  6  7  8  9 10 11 12 13 |
---------------+----------------------------------------+-----
Crossbows      | 6 7 8 9 10 11 12 14 16 | 16.3
Stealth        | 3 5 |  5.0
Fighting       | 4 7 10 12 13 14 | 14.8
Dodging        | 4 6 8 10 11 13 15 | 15.7
Armour         | 3 5 |  5.0

Action                   |  1- 3 |  4- 6 |  7- 9 | 10-12 | 13-15 || total
-------------------------+-------+-------+-------+-------+-------++-------
 Fire: Hand crossbow     |    54 |   164 |   275 |   656 |   494 ||  1643
Throw: Throwing net      |       |       |       |     4 |       ||     4
Evoke: Wand              |       |       |       |     2 |       ||     2
  Use: Scroll            |     6 |     6 |     9 |     7 |       ||    28
       Potion            |       |       |     1 |     4 |     8 ||    13
Armor: Leather armour    |     3 |    11 |    19 |       |       ||    33
       Robe              |       |       |     9 |    82 |   100 ||   191
Dodge: Dodged            |     6 |    66 |    88 |   422 |   526 ||  1108
Block: Buckler           |       |     4 |    49 |   194 |   197 ||   444

Table legend: (Time is in decaauts)
 A = Elapsed time spent in this place.
 B = Non-inter-level travel time spent in this place.
 C = Inter-level travel time spent in this place.
 D = Time resting spent in this place.
 E = Time spent auto-exploring this place.
 F = Levels seen in this place.
 G = Mean time per level.
                   A        B        C        D        E       F      G
               +--------+--------+--------+--------+--------+-----+--------+
         Total |  14528 |  13799 |    729 |   1430 |   9500 |  18 |  807.1 |
       Dungeon |   8432 |   8000 |    432 |    954 |   5572 |  10 |  843.2 |
        Temple |    352 |    190 |    162 |      0 |    172 |   1 |  352.0 |
          Lair |   4499 |   4365 |    134 |    202 |   3147 |   5 |  899.8 |
         Sewer |    925 |    925 |      0 |    230 |    512 |   1 |  925.0 |
      Ice Cave |    317 |    317 |      0 |     44 |     96 |   1 |  317.0 |
               +--------+--------+--------+--------+--------+-----+--------+

Top non-repeatable levels by time:
  Lair:4: 1333 daAuts
  Lair:2: 1217 daAuts
     D:9: 1074 daAuts
     D:5: 960 daAuts
     D:7: 959 daAuts
     D:2: 926 daAuts
   Sewer: 925 daAuts
     D:8: 846 daAuts
  Lair:1: 809 daAuts
    D:10: 792 daAuts
     D:3: 773 daAuts
     D:6: 765 daAuts
  Lair:3: 736 daAuts
     D:4: 716 daAuts
     D:1: 617 daAuts
